 Dungeon Crawl Stone Soup version 0.29.1-1-gd02db6906a (webtiles) character file.

Game seed: 9629286587794281166

1673 RascalDebosk the Trooper (level 9, 0/61 (70) HPs)
             Began as a Human Berserker on Oct 9, 2022.
             Was a Believer of Trog.
             Slain by a wight
             ... wielding a +3 mace
              (4 damage)
             ... on level 6 of the Dungeon.
             The game lasted 00:25:37 (5713 turns).

RascalDebosk the Trooper (Human Berserker)          Turns: 5713, Time: 00:25:37

HP:   0/61 (70)     AC: 14    Str: 22    XL:     9   Next: 21%
MP:   9/9           EV:  8    Int:  7    God:    Trog [**....]
Gold: 269           SH:  5    Dex: 13    Spells: 8/8 levels left

rFire   . . .      SeeInvis .   a - +0 falchion
rCold   . . .      Faith    .   (no shield)
rNeg    . . .      Spirit   .   q - +1 chain mail
rPois   .          Reflect  +   (no helmet)
rElec   .          Harm     .   (no cloak)
rCorr   +          Rampage  .   (no gloves)
Will    +....                   j - +2 pair of boots
Stlth   ..........              f - amulet of reflection
HPRegen 0.20/turn               h - ring of resist corrosion
MPRegen 0.11/turn               s - ring of willpower

@: on berserk cooldown, slowed, heavily drained, very slow
A: no striking features
a: Renounce Religion, Berserk, Trog's Hand


You were on level 6 of the Dungeon.
You worshipped Trog.
Trog was pleased with you.
You visited 1 branch of the dungeon, and saw 6 of its levels.

You collected 336 gold pieces.
You spent 67 gold pieces at shops.

Inventory:

Hand Weapons
 a - a +0 falchion (weapon)
Missiles
 l - 13 poisoned darts (quivered)
 x - 3 boomerangs
Armour
 j - a +2 pair of boots (worn)
 q - a +1 chain mail (worn)
Jewellery
 e - an amulet of guardian spirit
 f - an amulet of reflection (around neck)
 h - a ring of resist corrosion (left hand)
 s - a ring of willpower (right hand)
Wands
 p - a wand of roots (9)
 r - a wand of light (2)
Scrolls
 g - a scroll of blinking
 i - 2 scrolls of identify
 k - a scroll of enchant armour
 n - a scroll of poison
 o - 2 scrolls of magic mapping
 t - a scroll of teleportation
 u - a scroll of immolation
 w - a scroll of amnesia {unknown}
 y - a scroll of vulnerability {unknown}
Potions
 b - a potion of might {unknown}
 c - a potion of lignification
 d - a potion of flight
 m - 5 potions of curing
 v - a potion of heal wounds {unknown}
 z - a potion of brilliance {unknown}


   Skills:
 + Level 6.3 Fighting
 + Level 6.3 Long Blades
 + Level 5.3 Throwing
 + Level 5.8 Armour
 - Level 2.0 Dodging


You had 8 spell levels left.
You didn't know any spells.
Your spell library was empty.

Dungeon Overview and Level Annotations

Branches:
Dungeon (6/15)
 Temple: D:4-7

Altars:
Hepliaklqana
Makhleb
Yredelemnul

Shops:
D:3 *   D:5 (


Message History

The wight is severely damaged.
The water moccasin bites you. The wight completely misses you.
You slash the wight!
You destroy the wight!
Trog accepts your kill. The water moccasin bites you.
You closely miss the scorpion. You hit the scorpion.
The scorpion is lightly wounded.
The water moccasin bites you but does no damage.
You block the scorpion's attack.
You closely miss the scorpion.
The scorpion is lightly wounded.
The water moccasin bites you but does no damage.
The scorpion barely misses you.
You closely miss the scorpion.
The scorpion is lightly wounded.
You block the water moccasin's attack. The scorpion stings you.
You are poisoned.
The scorpion poisons you!
You slash the scorpion!
The scorpion is severely wounded.
You feel very sick. The water moccasin closely misses you.
The scorpion barely misses you.
You hit the scorpion.
The scorpion is almost dead.
You feel sick. The water moccasin closely misses you.
The scorpion stings you but does no damage.
You closely miss the scorpion.
The scorpion is almost dead.
You feel sick.
The water moccasin bites you but does no damage.
The scorpion stings you.
You slash the scorpion!
You kill the scorpion!
Trog accepts your kill.
You are no longer berserk.
You are exhausted.
You feel yourself slow down.
You feel sick.
The water moccasin bites you but does no damage.
You slash the water moccasin!
You kill the water moccasin!
Trog accepts your kill.
You feel sick. The wight hits you with a +3 mace.
You completely miss the wight.
You feel sick. The wight hits you but does no damage.
You block the wight's attack. The wight hits you with a +3 mace.
You feel drained. The wight barely misses you.
You hit the wight.
The wight is moderately damaged.
You feel sick. The wight hits you with a +3 scimitar!
* * * LOW HITPOINT WARNING * * *
You feel drained.
* * * LOW HITPOINT WARNING * * *
The wight closely misses you.
You closely miss the wight.
The wight is moderately damaged.
You feel sick. The wight hits you but does no damage.
The wight hits you with a +3 mace.
* * * LOW HITPOINT WARNING * * *
You block the wight's attack. The wight hits you but does no damage.
You slash the wight!
The wight is almost destroyed.
You feel sick.
You are no longer poisoned.
The wight closely misses you. The wight hits you but does no damage.
Unknown command.
You hit the wight.
You destroy the wight!
Trog accepts your kill. The wight hits you with a +3 mace.
* * * LOW HITPOINT WARNING * * *
The wight hits you with a +3 mace!
* * * LOW HITPOINT WARNING * * *
You feel drained.
* * * LOW HITPOINT WARNING * * *
You feel better. The wight hits you with a +3 mace.
* * * LOW HITPOINT WARNING * * *
You feel drained.
You hit the wight but do no damage. The wight hits you but does no damage.
The wight hits you with a +3 mace.
* * * LOW HITPOINT WARNING * * *
You feel drained.
* * * LOW HITPOINT WARNING * * *
You hit the wight but do no damage. You block the wight's attack.
Unknown command.
You hit the wight.
The wight is lightly damaged.
The wight hits you with a +3 mace.
* * * LOW HITPOINT WARNING * * *
You feel drained.
* * * LOW HITPOINT WARNING * * *
You block the wight's attack.
You barely miss the wight.
The wight is lightly damaged.
The wight hits you with a +3 mace!
* * * LOW HITPOINT WARNING * * *
You feel drained.
You die...

... .... ... ....
.. .....
#.###.....
..#......
##........
#...((.(..
#z)###.... #@## .
#..## ##...##
##.....##
##.......##
#...........##
................##
.....#...........#
................#


You could see a wight.

Vanquished Creatures
  Grinder (D:3)
  Sigmund (D:3)
  A water moccasin (D:6)
  A black bear (D:5)
  An ice beast (D:5)
  3 centaurs
  A phantom (D:4)
  A necrophage (D:6)
  2 scorpions (D:6)
  2 wights (D:6)
  3 orc priests
  2 hounds
  Terence (D:3)
  2 orc wizards
  An iguana (D:5)
  4 gnolls (D:5)
  8 adders
  An ufetubus (D:4)
  A worm (D:2)
  5 dart slugs
  14 orcs
  5 bats
  6 endoplasms
  2 giant cockroaches (D:1)
  5 goblins
  9 hobgoblins
  4 jackals (D:1)
  4 quokkas
  2 ball pythons
  6 frilled lizards
  4 kobolds
  2 rats
  A spectral kobold (D:1)
106 creatures vanquished.

Notes
Turn   | Place    | Note
-------+----------+-------------------------------------------
     0 | D:1      | RascalDebosk the Human Berserker began the quest for the
                  | Orb.
     0 | D:1      | Reached XP level 1. HP: 18/18 MP: 1/1
   137 | D:1      | Reached XP level 2. HP: 8/24 MP: 2/2
   367 | D:1      | Found a faded altar of an unknown god.
   598 | D:1      | Reached skill level 1 in Throwing
   600 | D:1      | Reached XP level 3. HP: 17/28 MP: 3/3
  1692 | D:2      | Found a basalt altar of Yredelemnul.
  1760 | D:2      | Reached XP level 4. HP: 21/35 MP: 4/4
  2587 | D:3      | Reached ** piety under Trog
  2658 | D:3      | Noticed Terence
  2666 | D:3      | Killed Terence
  2667 | D:3      | Reached XP level 5. HP: 42/42 MP: 5/5
  2863 | D:3      | Noticed Sigmund
  2870 | D:3      | Killed Sigmund
  2871 | D:3      | Reached XP level 6. HP: 48/48 MP: 6/6
  3005 | D:3      | Found Foosoanyg's General Store.
  3012 | D:3      | Bought a potion of curing for 39 gold pieces
  3149 | D:3      | Noticed Grinder
  3150 | D:3      | Paralysed by Grinder for 2 turns
  3162 | D:3      | Killed Grinder
  3163 | D:3      | Reached XP level 7. HP: 55/55 MP: 7/7
  3392 | D:3      | Found a burning altar of Makhleb.
  3673 | D:4      | Found a hazy altar of Hepliaklqana.
  4044 | D:4      | Reached skill level 5 in Fighting
  4044 | D:4      | Reached skill level 5 in Long Blades
  4212 | D:5      | Entered Level 5 of the Dungeon
  4391 | D:5      | Reached XP level 8. HP: 62/62 MP: 8/8
  4930 | D:5      | Found Ypuem's Weapon Boutique.
  4937 | D:5      | Reached skill level 5 in Armour
  4941 | D:5      | Bought 5 poisoned darts for 28 gold pieces
  5659 | D:6      | Reached skill level 5 in Throwing
  5659 | D:6      | Reached XP level 9. HP: 69/69 MP: 9/9
  5713 | D:6      | Slain by a wight

Illustrated notes

Levels and vault maps discovered:
D:1:      dpeg_arrival_rooms_b, layout_loops_ring,
          dreamdust_ecumenical_altar_drowned_temple, nicolae_wormholes
D:2:      layout_basic, basic_altar
D:3:      layout_loops_cross, mainiacjoe_overflow_brackets, serial_shops, shop,
          kennysheep_orc_chapel, uniq_terence, uniq_sigmund, uniq_grinder
D:4:      layout_rooms, mainiacjoe_overflow_surrounded_room
D:5:      layout_loops_corners, serial_shops, nicolae_shop_bloodbath_and_beyond
D:6:      layout_cave_pods

Skill      XL: |  1  2  3  4  5  6  7  8 |
---------------+-------------------------+-----
Throwing       | 1 2 3 5 |  5.3
Armour         | 3 4 5 |  5.8
Fighting       | 4 5 6 |  6.3
Long Blades    | 4 5 6 |  6.3
Dodging        | |  2.0

Action                   |  1- 3 |  4- 6 |  7- 9 || total
-------------------------+-------+-------+-------++-------
Melee: Falchion          |   105 |    82 |   232 ||   419
       Punch             |     1 |     1 |     4 ||     6
Throw: Dart              |     4 |     4 |    10 ||    18
Invok: Berserk           |     2 |     4 |     5 ||    11
  Use: Scroll            |       |       |    13 ||    13
       Potion            |       |       |     4 ||     4
 Stab: Sleeping          |     2 |     1 |       ||     3
Armor: Animal skin       |    20 |     3 |       ||    23
       Chain mail        |       |    27 |   134 ||   161
Dodge: Dodged            |    54 |    15 |    87 ||   156
Block: Other             |    16 |    22 |    54 ||    92
       Reflection        |     1 |     2 |     5 ||     8
